 Dungeon Crawl Stone Soup version 0.31-a0-833-gc15d34cb79 (webtiles) character file.

Game seed: 10992904983008327764

1115 LeprechaunX the Changeling (level 8, 0/54 HPs)
             Began as an Octopode Shapeshifter on Sept 25, 2023.
             Slain by a steam dragon (1 damage)
             ... on level 6 of the Dungeon.
             The game lasted 00:06:44 (4557 turns).

LeprechaunX the Changeling (Octopode Shapeshifter)  Turns: 4557, Time: 00:06:44

Health: 0/54       AC:  1    Str: 15    XL:     8   Next: 34%
Magic:  8/8        EV: 20    Int: 13    God:
Gold:   244        SH:  0    Dex: 17    Spells: 7/7 levels left

rFire   . .          .
                       - Unarmed
rCold   . . .        (no shield)
rNeg    . . .        (helmet currently unavailable)
rPois   .            (no amulet)
rElec   .            j - +5 ring of evasion
rCorr   .            o - +6 ring of dexterity
SInv    .            (no ring)
Will    .....        (no ring)
Stlth   +++          (no ring)
HPRegen 0.29/turn    (no ring)
MPRegen 0.11/turn    (no ring)
                     (no ring)

%: no passive effects
@: beast-form
A: beast (slay +3), almost no armour, amphibious, 8 rings, camouflage 1,
gelatinous body 1, (nimble swimmer 1), tentacles
a: Begin Untransformation


You were on level 6 of the Dungeon.
You were a hulking beast.
You visited 1 branch of the dungeon, and saw 6 of its levels.

You collected 272 gold pieces.
You spent 28 gold pieces at shops.

Inventory:

Armour
 t - a +0 kite shield
Jewellery
 j - a +5 ring of evasion (left tentacle)
 o - a +6 ring of dexterity (right tentacle)
Talismans
 b - a beast talisman (active)
 c - a flux talisman
Wands
 s - a wand of polymorph (8)
Scrolls
 g - 3 scrolls of fear
 i - 2 scrolls of enchant armour
 k - 3 scrolls of blinking
 n - 4 scrolls of teleportation
 q - 2 scrolls of acquirement {unknown}
 r - a scroll of fog
Potions
 a - 3 potions of lignification
 d - 2 potions of brilliance {unknown}
 e - 2 potions of degeneration {unknown}
 f - a potion of curing {unknown}
 h - a potion of magic {unknown}
 m - a potion of mutation {unknown}
 p - a potion of might {unknown}
 v - a potion of enlightenment {unknown}
Miscellaneous
 u - a lightning rod (2/4) (quivered)


   Skills:
 + Level 4.1 Fighting
 + Level 4.5 Dodging
 + Level 2.2 Shields
 + Level 5.0 Unarmed Combat
 * Level 6.1 Shapeshifting


You had 7 spell levels left.
You didn't know any spells.
Your spell library contained the following spells:

 Spells                   Type           Power      Damage    Failure   Level
 Necrotise                Necr           0%         1d4       30%         1
 Shock                    Conj/Air       0%         1d3       30%         1
 Swiftness                Air            0%         N/A       67%         3
 Vampiric Draining        Necr           0%         2d6       67%         3
 Airstrike                Air            0%         2d(0-16)  97%         4
 Agony                    Necr           0%         N/A       100%        5


Dungeon Overview and Level Annotations

Branches:
Dungeon (6/15)
 Temple: D:4-7

Altars:
Trog

Shops:
D:5 ?

Annotations:
D:3 1 runed translucent door, Crazy Yiuf
D:4 Pikel


Innate Abilities, Weirdness & Mutations

You are a hulking beast.
Your limbs bulge with bestial killing power. (Slay +3)
You cannot wear most types of armour.
You are amphibious.
You can wear up to eight rings at the same time.
Your skin changes colour to match your surroundings (Stealth+).
Your rubbery body absorbs attacks. (AC +1, EV +1)
((You are camouflaged when in or above water. (Stealth+)))
You have tentacles for arms and can constrict up to eight enemies at once.


Message History

The ball of steam hits you!
You tentacle-slap the steam dragon but do no damage.
You are engulfed in a cloud of scalding steam.
The steam dragon closely misses you. x2
You tentacle-slap the steam dragon. Your squeeze misses the steam dragon.
The steam dragon is lightly wounded.
The steam dragon closely misses you. The steam dragon completely misses you.
You closely miss the steam dragon.
You squeeze the steam dragon, but do no damage.
The steam dragon is lightly wounded.
The steam dragon misses you. The steam dragon barely misses you.
You barely miss the steam dragon.
The steam dragon is lightly wounded.
The steam dragon misses you. The steam dragon barely misses you.
You barely miss the steam dragon. You squeeze the steam dragon.
The steam dragon is moderately wounded.
The steam dragon breathes steam at you. The ball of steam hits you!!
* * * LOW HITPOINT WARNING * * *
The steam dragon misses you. The steam dragon claws you.
* * * LOW HITPOINT WARNING * * *
You tentacle-slap the steam dragon but do no damage.
The steam dragon is moderately wounded.
The steam dragon closely misses you. x2
You tentacle-slap the steam dragon.
The steam dragon is heavily wounded.
The steam dragon misses you. The steam dragon completely misses you.
You tentacle-slap the steam dragon but do no damage.
You squeeze the steam dragon!
The steam dragon is severely wounded.
You are engulfed in a cloud of scalding steam.
* * * LOW HITPOINT WARNING * * *
The steam dragon misses you. The steam dragon completely misses you.
You barely miss the steam dragon. You tentacle-slap the steam dragon.
You squeeze the steam dragon, but do no damage.
The steam dragon is almost dead.
You are engulfed in a cloud of scalding steam.
* * * LOW HITPOINT WARNING * * *
The steam dragon bites you.
You die...

##### ##### ####
#... ....# #...
#..# #.#.# ##.##
#..# #.#.####...#
#hD####.#.##......
#§.##>†......#...#
#..§......#####.##
#.#.#.###.# #.#
#......(..# #..
###.#.###.# ##+##
#.#..##.# ##...#
#.##.##.###.....
#.# .##.##......


You could see a steam dragon.

Vanquished Creatures
  A steam dragon (D:6)
  A water moccasin (D:6)
  5 scorpions
  A howler monkey (D:5)
  3 hounds
  An orc priest (D:5)
  A gnoll bouda (D:6)
  An orc wizard (D:5)
  4 iguanas
  A sleepcap (D:5)
  8 gnolls
  8 adders
  2 shadow imps (D:5)
  A white imp (D:5)
  An ufetubus (D:5)
  A worm (D:3)
  3 dart slugs
  4 orcs
  4 endoplasms
  5 giant cockroaches
  9 hobgoblins
  2 jackals (D:5)
  2 kobolds
  6 quokkas
  5 ball pythons
  15 bats
  2 frilled lizards
  8 goblins
  6 rats
111 creatures vanquished.

Notes
Turn   | Place    | Note
-------+----------+-------------------------------------------
     0 | D:1      | LeprechaunX the Octopode Shapeshifter began the quest for
                  | the Orb.
     0 | D:1      | Reached XP level 1. HP: 13/13 MP: 1/1
    62 | D:1      | Reached XP level 2. HP: 18/18 MP: 2/2
   597 | D:1      | Reached XP level 3. HP: 23/23 MP: 3/3
   933 | D:2      | Found a faded altar of an unknown god.
  1488 | D:3      | Found a runed translucent door.
  1489 | D:3      | Noticed Crazy Yiuf
  1588 | D:3      | Reached XP level 4. HP: 29/29 MP: 4/4
  2189 | D:4      | Found a bloodstained altar of Trog.
  2215 | D:4      | Reached skill level 4 in Shapeshifting
  2219 | D:4      | Reached XP level 5. HP: 23/34 MP: 5/5
  2460 | D:4      | Reached XP level 6. HP: 41/41 MP: 6/6
  2764 | D:4      | Noticed Pikel
  3228 | D:5      | Entered Level 5 of the Dungeon
  3270 | D:5      | Reached skill level 5 in Shapeshifting
  3270 | D:5      | Reached XP level 7. HP: 35/46 MP: 7/7
  3497 | D:5      | Reached skill level 1 in Shields
  3699 | D:5      | Found Qudash's Magic Scroll Shop.
  4248 | D:5      | Bought a scroll of identify for 28 gold pieces
  4358 | D:6      | Reached XP level 8. HP: 54/54 MP: 8/8
  4434 | D:6      | Reached skill level 5 in Unarmed Combat
  4434 | D:6      | Reached skill level 6 in Shapeshifting
  4557 | D:6      | HP: 1/54 [steam dragon] (10)]
  4557 | D:6      | Slain by a steam dragon

Illustrated notes

Levels and vault maps discovered:
D:1:      amcnicky_arrival_single_pillar, layout_basic
D:2:      layout_loops_ring, ebering_ecumenical_altar_box, kennysheep_boxes
D:3:      minmay_thinvault, layout_basic, uniq_crazy_yiuf_cottage
D:4:      old_forge, layout_basic, mainiacjoe_overflow_catwalk,
          minmay_crystal_room, minmay_curled_crystal, serial_bayou_lagoon_b,
          uniq_pikel
D:5:      nicolae_cairo_tiling_very_big, layout_layer_cave, serial_shops,
          nicolae_shop_back_alley_shop, minmay_checkerbox
D:6:      layout_loops_corners, mainiacjoe_overflow_cross_hatched,
          nicolae_overflow_macrodata_refinement, minivault_5,
          nicolae_fountain_basement

Skill      XL: |  1  2  3  4  5  6  7  8 |
---------------+-------------------------+-----
Fighting       | 2 3 4 |  4.1
Shapeshifting  | 4 5 6 |  6.1
Dodging        | 3 4 |  4.5
Unarmed Combat | 4 5 |  5.0
Shields        | 1 2 |  2.2

Action                     |  1- 3 |  4- 6 |  7- 9 || total
---------------------------+-------+-------+-------++-------
  Melee: Unarmed           |    63 |    96 |    71 ||   230
         Constrict         |    19 |    23 |    20 ||    62
         Tentacles         |    11 |    23 |    19 ||    53
         Punch             |     1 |     2 |     2 ||     5
  Evoke: Lightning rod     |       |       |     3 ||     3
    Use: Scroll            |       |       |     5 ||     5
   Stab: Sleeping          |    16 |     5 |     4 ||    25
         Held in net/web   |       |     2 |       ||     2
 Armour: Skin              |    19 |    24 |    21 ||    64
  Dodge: Dodged            |    30 |    75 |    79 ||   184

Table legend: (Time is in decaauts)
 A = Elapsed time spent in this place.
 B = Non-inter-level travel time spent in this place.
 C = Inter-level travel time spent in this place.
 D = Time resting spent in this place.
 E = Time spent auto-exploring this place.
 F = Levels seen in this place.
 G = Mean time per level.
                   A        B        C        D        E       F      G
               +--------+--------+--------+--------+--------+-----+--------+
         Total |   4538 |   4287 |    251 |    206 |   3276 |   6 |  756.3 |
       Dungeon |   4538 |   4287 |    251 |    206 |   3276 |   6 |  756.3 |
               +--------+--------+--------+--------+--------+-----+--------+

Top non-repeatable levels by time:
     D:5: 1102 daAuts
     D:4: 1042 daAuts
     D:3: 944 daAuts
     D:1: 650 daAuts
     D:2: 578 daAuts
     D:6: 219 daAuts
